Cogmind - Beta 13 @@@ ROGUE MODE // 2024.07.10 @ 17:41:20 Player: ThatBishHoly Result: Destroyed by S-10 Pest with Light Assault Rifle Performance ------------- Evolutions (1) 500 Regions Visited (6) 1200 Robots Destroyed (55) 275 Value Destroyed (1232) 1232 Prototype IDs (4) 80 Alien Tech Used (0) 0 Bonus (36) 36 TOTAL SCORE: 3323 Bonus ------- High Alert Combat Kills 36 Cogmind --------- Core Integrity 0/400 Matter 27/300 Energy 94/100 System Corruption 0% Temperature Cool (52) Movement Core (700) Ox13 Location -8/Mines Parts ------- > --- POWER (1) -------- (None) > --- PROPULSION (3) --- (None) > --- UTILITY (2) ------ Large Storage Unit Sensor Drone Bay (19/20) > --- WEAPON (3) ------- Beam Cannon Autogun > --- INVENTORY (15) --- Improved Hover Unit Medium Matter Pod (100) High-capacity Matter Pod (200) Signal Interpreter Hardened Light Armor Plating Hardened Light Armor Plating High-powered Tractor Beam Heavy Assault Rifle Autogun Grenade Launcher Rocket Launcher Peak State ------------ > --- POWER ------------ Cooled Ion Engine > --- PROPULSION ------- Improved Hover Unit Improved Hover Unit Improved Hover Unit > --- UTILITY ---------- Large Storage Unit Targeting Computer > --- WEAPON ----------- Beam Rifle Autogun Autogun > --- INVENTORY -------- Improved Hover Unit Improved Hover Unit Medium Matter Pod High-capacity Matter Pod Signal Interpreter Hardened Light Armor Plating Hardened Light Armor Plating High-powered Tractor Beam Sensor Drone Bay Heavy Assault Rifle Grenade Launcher Rocket Launcher Rocket Launcher Rocket Launcher [Rating: 20] Favorites ----------- Power Ion Engine Engine Ion Engine Propulsion Improved Hover Unit Treads Light Treads Hover Unit Improved Hover Unit Utility Large Storage Unit Device Sensor Drone Bay Storage Large Storage Unit Processor Targeting Computer Protection Hardened Light Armor Plating Weapon Autogun Energy Gun Beam Rifle Energy Cannon Beam Cannon Ballistic Gun Autogun Launcher Rocket Launcher Build | -11 -10 -10 -9 -9 -9 -8 ------- Run | Yrd Mat Min Mat Min Exi Min Slots Evolved 2 | . . . 2 . . . Power . | . . . . . . . Propulsion 1 | . . . 1 . . . Utility . | . . . . . . . Weapon 1 | . . . 1 . . . Parts Attached 34 | 6 4 . 15 8 1 . Power 4 | 1 . . 2 1 . . Engine 4 | 1 . . 2 1 . . Core . | . . . . . . . Reactor . | . . . . . . . Propulsion 12 | 2 . . 9 1 . . Treads 2 | 2 . . . . . . Leg . | . . . . . . . Wheel . | . . . . . . . Hover 10 | . . . 9 1 . . Flight . | . . . . . . . Utility 7 | 1 4 . . 1 1 . Device 1 | . . . . . 1 . Storage 4 | 1 3 . . . . . Processor 1 | . 1 . . . . . Hackware . | . . . . . . . Protection 1 | . . . . 1 . . Artifact . | . . . . . . . Weapon 11 | 2 . . 4 5 . . Energy Gun 1 | . . . 1 . . . Energy Cannon 1 | . . . . 1 . . Ballistic Gun 6 | 2 . . 3 1 . . Ballistic Cannon . | . . . . . . . Launcher 3 | . . . . 3 . . Special Weapon . | . . . . . . . Impact Weapon . | . . . . . . . Slashing Weapon . | . . . . . . . Piercing Weapon . | . . . . . . . Special Melee Weapon . | . . . . . . . Unidentified Prototypes 1 | . . . 1 . . . Parts Lost 13 | . . . 4 8 . 1 Power 2 | . . . 1 1 . . Propulsion 6 | . . . 2 4 . . Utility 1 | . . . . 1 . . Weapon 4 | . . . 1 2 . 1 Highest Loss Streak 3 | . . . 2 3 . 1 To Critical Strikes . | . . . . . . . Average Slot Usage (%) 62 | . 95 100 88 74 55 53 Engine 2 | . 14 14 10 8 . . Treads 1 | . 28 28 5 . . . Hover 4 | . . . 21 17 . . Device 8 | . . . . . 11 11 Storage 11 | . 15 14 11 11 11 11 Processor 2 | . 8 14 11 8 . . Energy Cannon 8 | . . . . 2 11 11 Ballistic Gun 13 | . 28 28 21 17 11 11 Launcher 8 | . . . . 6 11 9 Naked Turns . | . . . . . . . Heaviest Build 44 | 13 28 28 37 39 44 44 Greatest Support 40 | 40 40 40 40 21 3 3 Greatest Overweight (x) 14 | . . . 2 12 14 14 Average Overweight (x) 6 | . . . 1 2 14 13 Largest Inventory Capacity 15 | 8 15 15 15 15 15 15 Average Capacity 14 | 7 11 15 15 15 15 15 Most Carried 15 | 5 6 6 13 15 11 11 Average Carried 10 | . 2 5 9 12 11 11 Final Capacity 15 | 8 15 15 15 15 15 15 Final Carried 13 | . 5 6 13 11 11 11 Class Distribution -------------------- 84% | Gunner 15% | Mutant Dominant Class ---------------- Mutant | -10/Materials Mutant | -10/Mines Gunner | -9/Materials Gunner | -9/Mines Gunner | -9/Exiles Gunner | -8/Mines Resources | -11 -10 -10 -9 -9 -9 -8 ----------- Run | Yrd Mat Min Mat Min Exi Min Matter Collected 1302 | 217 11 26 802 201 . 45 Remotely . | . . . . . . . Salvage Created 1464 | . 11 . 922 446 . 85 Parts 100 | . 2 . 57 32 . 9 Haulers Intercepted 2 | . . . 2 . . . Recyclers Shooed . | . . . . . . . Parts Field Recycled . | . . . . . . . Retrieved Matter . | . . . . . . . Parts Self-Destructed . | . . . . . . . Prevented . | . . . . . . . Kills | -11 -10 -10 -9 -9 -9 -8 ------- Run | Yrd Mat Min Mat Min Exi Min Combat Hostiles Destroyed 47 | . . . 23 19 . 5 Guns 40 | . . . 23 15 . 2 Cannons 4 | . . . . 1 . 3 AOE 3 | . . . . 3 . . Classes Destroyed 9 | . 1 . 5 3 . . Builder 1 | . . . . 1 . . Tunneler 3 | . . . . 3 . . Hauler 2 | . . . 2 . . . Operator 1 | . 1 . . . . . Watcher 1 | . . . 1 . . . Swarmer 22 | . . . 7 10 . 5 Grunt 20 | . . . 12 8 . . Duelist 1 | . . . . 1 . . Sentry 4 | . . . 4 . . . Best Kill Streak 7 | . 1 . 3 7 . 3 Combat Bots Only 6 | . . . 3 6 . 3 Max Kills in Single Turn 2 | . 1 . 2 2 . 2 Gunslinging 1 | . . . 1 1 . . Exploded 2 | . . . . 2 . . Melee . | . . . . . . . Uniques/NPCs Destroyed . | . . . . . . . Combat | -11 -10 -10 -9 -9 -9 -8 -------- Run | Yrd Mat Min Mat Min Exi Min Hostile Shots Fired 236 | . . . 106 95 . 35 Missed 60 | . . . 28 25 . 7 Damage Taken 1873 | . . . 904 737 . 232 Core 400 | . . . 204 118 . 78 Absorbed by Shields . | . . . . . . . Core Remaining (%) 100 | 100 . 100 . . . . Volleys Fired 103 | . 1 . 53 36 . 13 Largest 3 | . 2 . 3 3 . 2 Hottest 102 | . 40 . 102 102 . 83 Shots Fired 249 | . 2 . 135 88 . 24 Gun 213 | . 2 . 135 65 . 11 Cannon 15 | . . . . 2 . 13 Launcher 21 | . . . . 21 . . Special . | . . . . . . . Kinetic 167 | . 2 . 105 49 . 11 Thermal 61 | . . . 30 18 . 13 Explosive 21 | . . . . 21 . . Electromagnetic . | . . . . . . . Robot Hit Streak 10 | . 2 . 10 6 . 3 Robot Miss Streak 4 | . . . 4 3 . 3 Penetration Max . | . . . . . . . Secondary Targets 11 | . . . 6 5 . . Max Gunslinging Chain 1 | . . . 1 1 . . Shots Hit Robots 146 | . 2 . 92 41 . 11 Core Hits 75 | . 2 . 38 30 . 5 Critical Kills . | . . . . . . . Critical Parts Destroyed 1 | . . . . 1 . . Critical Strikes 3 | . . . 2 1 . . Burn 2 | . . . 2 . . . Destroy 1 | . . . . 1 . . Melee Attacks . | . . . . . . . Impact . | . . . . . . . Slashing . | . . . . . . . Piercing . | . . . . . . . Sneak Attacks . | . . . . . . . Combat Hostiles . | . . . . . . . Follow-up Attacks . | . . . . . . . Damage Inflicted 2693 | . 18 . 1240 1231 . 204 Guns 1882 | . 18 . 1240 524 . 100 Cannons 121 | . . . . 17 . 104 Explosions 685 | . . . . 685 . . Melee . | . . . . . . . Ramming 5 | . . . . 5 . . Kinetic 1406 | . 18 . 923 365 . 100 Thermal 597 | . . . 317 176 . 104 Explosive 685 | . . . . 685 . . Electromagnetic . | . . . . . . . Impact . | . . . . . . . Slashing . | . . . . . . . Piercing . | . . . . . . . Highest Corruption . | . . . . . . . Average Corruption . | . . . . . . . Corruption Purged . | . . . . . . . Corruption Blocked . | . . . . . . . Overload Shots . | . . . . . . . Overflow Damage 34 | . . . . 23 . 11 Projectiles 11 | . . . . . . 11 Explosions 23 | . . . . 23 . . Melee . | . . . . . . . Knockbacks . | . . . . . . . Impact . | . . . . . . . Kinetic . | . . . . . . . Secondary . | . . . . . . . Self-Inflicted Damage 61 | . . . . 61 . . Shots 3 | . . . . 3 . . Rammed 1 | . . . . 1 . . Targets Rammed 1 | . . . . 1 . . Kicked . | . . . . . . . Crushed . | . . . . . . . Highest Temperature 302 | . . . 302 238 . 52 Average Temperature 75 | . . . 85 72 . 24 Received Heat Transfer 621 | . . . 399 222 . . Effects 1 | . . . 1 . . . Short Circuit 1 | . . . 1 . . . Siege Activations . | . . . . . . . Robots Corrupted . | . . . . . . . Combat Hostiles . | . . . . . . . Parts Fried . | . . . . . . . Impact Corruptions . | . . . . . . . Robots Melted . | . . . . . . . Combat Hostiles . | . . . . . . . Parts Melted 1 | . . . . 1 . . Heat Transferred 1628 | . . . 962 444 . 222 Parts Sabotaged . | . . . . . . . Parts Stolen . | . . . . . . . Parts Stripped . | . . . . . . . Power Chain Reactions . | . . . . . . . Alert | -11 -10 -10 -9 -9 -9 -8 ------- Run | Yrd Mat Min Mat Min Exi Min Peak Influence 472 | . 35 13 472 454 . 70 Initial 154 | . . 13 4 154 . . Average 174 | . 22 13 283 275 . 8 Maximum Alert Level 2 | . . . 2 2 . . Low Security (%) 49 | 100 100 100 19 15 . 100 Level 1 43 | . . . 69 71 . . Level 2 7 | . . . 11 13 . . Level 3 . | . . . . . . . Level 4 . | . . . . . . . Level 5 . | . . . . . . . High Security . | . . . . . . . Max Security . | . . . . . . . Squads Dispatched 5 | . . . 4 1 . . Investigation 2 | . . . 2 . . . Extermination . | . . . . . . . Reinforcement 3 | . . . 2 1 . . Assault . | . . . . . . . Garrison . | . . . . . . . Intercept . | . . . . . . . Searches Triggered . | . . . . . . . Construction Impeded 1 | . . . . 1 . . Haulers Reinforced . | . . . . . . . Active Scanning Responses . | . . . . . . . Cargo Convoy Interrupts . | . . . . . . . Stealth | -11 -10 -10 -9 -9 -9 -8 --------- Run | Yrd Mat Min Mat Min Exi Min Distress Signals 4 | . . . 3 1 . . Communications Jammed . | . . . . . . . Distress Signals . | . . . . . . . Times Spotted 61 | . 2 . 34 19 . 6 Peak Tracking Total 5 | . 1 . 5 4 . 3 Tactical Retreats 2 | . . . 2 . . . Traps | -11 -10 -10 -9 -9 -9 -8 ------- Run | Yrd Mat Min Mat Min Exi Min Traps Triggered 2 | . . . 2 . . . Indirectly . | . . . . . . . Trap Hack Attempts . | . . . . . . . Triggered . | . . . . . . . Disarmed . | . . . . . . . Reprogrammed . | . . . . . . . Reused . | . . . . . . . Traps Extracted . | . . . . . . . Installed . | . . . . . . . Triggered . | . . . . . . . Machines | -11 -10 -10 -9 -9 -9 -8 ---------- Run | Yrd Mat Min Mat Min Exi Min Machines Disabled 3 | . . . 1 2 . . Max in Single Turn 1 | . . . 1 1 . . Machines Repaired . | . . . . . . . Machines Dismantled . | . . . . . . . Machines Sabotaged . | . . . . . . . Overloaded Fab Kills . | . . . . . . . Hacking | -11 -10 -10 -9 -9 -9 -8 --------- Run | Yrd Mat Min Mat Min Exi Min Machines Accessed 13 | . 1 1 7 . 4 . Terminals 7 | . 1 . 6 . . . Fabricators . | . . . . . . . Repair Stations . | . . . . . . . Recycling Units . | . . . . . . . Scanalyzers 1 | . . . 1 . . . Garrison Access . | . . . . . . . Total Hacks 26 | . 3 1 18 . 4 . Successful 17 | . 2 1 10 . 4 . Failed 9 | . 1 . 8 . . . Catastrophic 1 | . . . 1 . . . Database Lockouts . | . . . . . . . Manual . | . . . . . . . Terminals 19 | . 3 . 16 . . . Fabricators . | . . . . . . . Repair Stations . | . . . . . . . Recycling Units . | . . . . . . . Scanalyzers 2 | . . . 2 . . . Garrison Access . | . . . . . . . Terminal Hacks 16 | . 2 1 9 . 4 . Record 9 | . . . 5 . 4 . Prototype ID Bank 1 | . . . 1 . . . Open Door 1 | . . 1 . . . . Emergency Access Points 1 | . 1 . . . . . Alert Level 1 | . . . 1 . . . Dispatch Records 1 | . . . 1 . . . Zone Layout 2 | . 1 . 1 . . . Fabricator Hacks . | . . . . . . . Repair Station Hacks . | . . . . . . . Recycling Unit Hacks . | . . . . . . . Scanalyzer 1 | . . . 1 . . . Insert Component 1 | . . . 1 . . . Garrison Access Hacks . | . . . . . . . Unauthorized Hacks . | . . . . . . . Terminals . | . . . . . . . Fabricators . | . . . . . . . Repair Stations . | . . . . . . . Recycling Units . | . . . . . . . Scanalyzers . | . . . . . . . Garrison Access . | . . . . . . . Data Cores Recovered 1 | . 1 . . . . . Used 1 | . 1 . . . . . Hacking Detections 8 | . 1 . 7 . . . Full Trace Events 2 | . 1 . 1 . . . Feedback Events . | . . . . . . . Feedback Blocked . | . . . . . . . Robot Schematics Acquired . | . . . . . . . Robots Built . | . . . . . . . Authchips . | . . . . . . . Time . | . . . . . . . Total Robot Build Rating . | . . . . . . . Part Schematics Acquired . | . . . . . . . Parts Built . | . . . . . . . Authchips . | . . . . . . . Time . | . . . . . . . Total Part Build Rating . | . . . . . . . Parts Repaired . | . . . . . . . Time . | . . . . . . . Parts Recycled . | . . . . . . . Recycled Matter . | . . . . . . . Retrieved Matter . | . . . . . . . Retrieved Components . | . . . . . . . Parts Scanalyzed . | . . . . . . . Part Schematics Acquired . | . . . . . . . Parts Damaged . | . . . . . . . Bothacking | -11 -10 -10 -9 -9 -9 -8 ------------ Run | Yrd Mat Min Mat Min Exi Min Used RIF Installer . | . . . . . . . Robots Hacked . | . . . . . . . Non-combat . | . . . . . . . Combat . | . . . . . . . Robot Hacks Applied . | . . . . . . . Relay Couplers Released . | . . . . . . . Fabnet Peak Effective % . | . . . . . . . Robots Rewired . | . . . . . . . Allies Hacked . | . . . . . . . Hacks Repelled . | . . . . . . . Allies | -11 -10 -10 -9 -9 -9 -8 -------- Run | Yrd Mat Min Mat Min Exi Min Total Allies . | . . . . . . . Largest Group . | . . . . . . . Highest-Rated Group . | . . . . . . . Highest-Rated Ally . | . . . . . . . Total Orders 5 | . . . . . 2 3 FOLLOW 1 | . . . . . 1 . EXPLORE 1 | . . . . . 1 . RETURN 3 | . . . . . . 3 Ally Attacks . | . . . . . . . Total Damage . | . . . . . . . Kills . | . . . . . . . Allies Corrupted . | . . . . . . . Allies Melted . | . . . . . . . Intel | -11 -10 -10 -9 -9 -9 -8 ------- Run | Yrd Mat Min Mat Min Exi Min Robot Analysis Total . | . . . . . . . Derelict Logs Recovered 3 | . . 1 . 2 . . Drone Launches 38 | . . . . . 20 18 Drone Recoveries 37 | . . . . . . 37 Exploration | -11 -10 -10 -9 -9 -9 -8 ------------- Run | Yrd Mat Min Mat Min Exi Min Turns Passed 10240 | 62 343 193 894 1299 6636 813 Spaces Moved 2368 | 41 194 120 480 584 859 90 Core 1027 | 13 . . . 65 859 90 Treads 433 | 28 194 120 91 . . . Legs . | . . . . . . . Wheels . | . . . . . . . Hover 908 | . . . 389 519 . . Flight . | . . . . . . . Fastest Speed 50 | 50 160 160 112 112 750 700 Average Speed 400 | 125 160 160 139 197 750 743 Slowest Speed 750 | 160 160 160 176 650 750 750 Overloaded Moves . | . . . . . . . Propulsion Burnouts . | . . . . . . . Robots Hopped . | . . . . . . . Cave-ins Triggered . | . . . . . . . Exploration Rate (%) 44 | 4 32 30 39 96 94 16 Regions Visited 6 Branch Regions 4 Pre-discovered Areas 3 | . . . . 3 . . Known Exits Taken 1 | . . . . . 1 . Unknown Exits Taken 5 | 1 1 1 1 1 . . Scrap Searched 2 | . . 1 . 1 . . Spaces Dug . | . . . . . . . Terrain Destroyed 129 | . . . . 129 . . Melee . | . . . . . . . Projectile . | . . . . . . . AOE 129 | . . . . 129 . . Terrain Rammed . | . . . . . . . Walls Destroyed . | . . . . . . . Machines Disabled . | . . . . . . . Actions | -11 -10 -10 -9 -9 -9 -8 --------- Run | Yrd Mat Min Mat Min Exi Min Total 2939 | 51 224 121 603 669 1058 213 Wait 392 | . 16 1 29 37 199 110 Move 2362 | 40 193 119 479 583 858 90 Hop . | . . . . . . . Pick Up 37 | 5 8 1 20 3 . . Fast Attach 1 | 1 . . . . . . Attach 16 | 5 1 . 6 4 . . Detach . | . . . . . . . Swap 17 | . 3 . 9 4 1 . Drop 10 | . 2 . 7 1 . . Fire 103 | . 1 . 53 36 . 13 Melee . | . . . . . . . Ram 1 | . . . . 1 . . Kick . | . . . . . . . Crush . | . . . . . . . Escape Stasis . | . . . . . . . Rewire . | . . . . . . . Trap . | . . . . . . . Miscellaneous . | . . . . . . . Route ------- -11/Scrapyard -10/Materials -10/Mines -9/Materials (discovered 3 exits: [*Min x2] / [*Sto]) -9/Mines (discovered 2 exits: [*Mat] / *Exi) -9/Exiles (discovered 2 exits: *Min x2) -8/Mines History --------- Turn | Location | Event 7 | -11/Scrapyard | Discovered new exit (range 16) 63 | -11/Scrapyard | Entered Materials 302 | -10/Materials | Build established: Mutant 325 | -10/Materials | Discovered new exit (range 13) 406 | -10/Materials | Entered Mines 488 | -10/Mines | Met a Derelict bent on vengeance 490 | -10/Mines | Found the Drone Emporium 500 | -10/Mines | Found Prototype Device 530 | -10/Mines | Learned Materials emergency access door positions 539 | -10/Mines | Assembled infested the area 544 | -10/Mines | Assisted by a Guerilla fighting off Assembled 581 | -10/Mines | Discovered new exit (range 10) 599 | -10/Mines | Entered Materials 599 | -9/Materials | Evolved 2 slots: Propulsion x1, Weapon x1 627 | -9/Materials | Identified Sensor Drone Bay 631 | -9/Materials | Discovered new exit (range 7) 1180 | -9/Materials | Build established: Gunner 1272 | -9/Materials | Discovered new exit (range 16) 1351 | -9/Materials | Core integrity fell below 50% 1394 | -9/Materials | Discovered new exit (range 21) 1493 | -9/Materials | Entered Mines 1541 | -9/Mines | Learned location of Zion (-6) 1561 | -9/Mines | Received a Rocket Launcher from a helpful Derelict 1620 | -9/Mines | Learned location of Storage (-9) 1771 | -9/Mines | Lost 3 parts (2n1w) 1991 | -9/Mines | Learned location of Recycling (-9) 2013 | -9/Mines | Build established: Mutant 2135 | -9/Mines | Discovered new exit (range 6) 2278 | -9/Mines | Excavation squad dispatched 2278 | -9/Mines | A large section of the Mines collapsed 2520 | -9/Mines | Core integrity fell below 20% 2546 | -9/Mines | Lost 3 parts (1p1u1w) 2620 | -9/Mines | Build established: Gunner 2730 | -9/Mines | Deemed a non-threat by the Exiles lab entrance 2735 | -9/Mines | Discovered new exit (range 5) 2792 | -9/Mines | Entered Exiles 2792 | -9/Exiles | Found Exiles lab abandoned 2977 | -9/Exiles | Discovered new exit (range 27) 3021 | -9/Exiles | Discovered new exit (range 128) 9421 | -9/Exiles | Identified exit to Mines 9428 | -9/Exiles | Entered Mines 9428 | -8/Mines | Accompanied by 19 allies 10241 | -8/Mines | Destroyed by S-10 Pest with Light Assault Rifle Last Messages --------------- 09720_ K-01 Serf collects debris. Aside from the options menu, there are many more interface features and behavior you can tweak in Cogmind's advanced.cfg file, the functionality of which is described in the manual under Advanced UI: Advanced Options. 10127_ Rocket Launcher destroyed. 10129_ S-10 Pest destroyed. 10134_ R-06 Scavenger collects Lgt. Ion Engine. 10140_ R-06 Scavenger collects Lgt. Assault Rifle. 10142_ S-10 Pest destroyed. 10143_ R-06 Scavenger collects Flight Unit. 10144_ Acquired 19 matter. 10149_ R-06 Scavenger collects Flight Unit. 10158_ Acquired 14 matter. 10165_ Acquired 12 matter. 10202_ K-01 Serf collects debris. 10231_ Destroyed Flight Unit. 10231_ S-10 Pest destroyed. Map ----- +----------------------------------------------------+ | ???????????????????????????????????????????? | | ???????????????????????????????????????????? | | ???????????????????????????????????????????? | | ???????????????????????????????????????????? | | ???????????????????????????????????????????? | | ???????????????????????????????????????????? | | ???????????????????????????????????????????? | | ???????????????????????????????????????????? | | ???????????????????????????????????????????? | | ???????????????????????????????????????????? | | ???????????????????????????????????????????? | | ????????????????????????????"??????????????? | | ???????????????????????????? ??????????????? | | ???????????????????????????? ??????????????? | | ???????????????????????????? ??????????????? | | ???????????????????????????? ??????????????? | | ???????????????????????????? ??????????????? | | ??????????????????????????## ??????????????? | | ??????????????????????????# ??????????????? | | ???????????###????????????# #??????????????? | | ??????????? ????????????# #??????????????? | | ??????????? ????????????# #??????????????? | | ??????????? #???????????# #??????????????? | | ???????????? ???????????# #??????????????? | | ?????????# ############[#### #?????????? | | ????????????# rr =@%s= #?????????? | | ????????????# #### ##############?????????? | | ????????????# ???# #####??????????????????? | | ?????????#### ##?# #??????????????????? | | ?????????? ####### #??????????????????? | | ???????????# ##??## #??????????????????? | | ????????????# #### ##?????????????????? | | ?????????????# ## #?????????????????? | | ?????????????## #?????????????????? | | ??????????????# ##?????????????????? | | ??????????????# #??????????????????? | | ??????????????# #??????????????????? | | ??????????????# #??????????????????? | | ?????????????## """ #??????????????????? | | ?????????##### """ #??????????????????? | | ?????????# """ ##?????????????????? | | ?????????# ##????????????????? | | ?????????## ##???????????????? | | ?????????## ## ##??????????????? | | ???????### #### #??????????????? | | ??????## ### ##?## #??????????????? | | ??????# ###?####?## ##?????????????? | | ??????# ##???????## #?????????????? | | ??????# #????????# #?????????????? | | ?????## #????????# ##?????????????? | +----------------------------------------------------+ Best States ------------- Heat Dissipation 28 Energy Generation 14 Energy Capacity 280 Matter Stores 300 Matter Capacity 500 Sight Range 16 Terrain Scan Density 10 Armor Coverage 150 Evasion (%) 50 Targeting Accuracy 5 Recoil Reduction 2 Item Schematics ----------------- None Robot Schematics ------------------ None Fabricated ------------ Nothing Alien Tech Used ----------------- None Achievements -------------- Dynamic Key Challenges ------------ None Game ------ Seed HackingCoilBattery Manual? 0 Play Time 00:37:34 Cumulative 46.4 hours Start 2024.07.10 @ 16:52:36 End 2024.07.10 @ 17:41:20 Sessions 1 Manual Loads 0 Difficulty Rogue Special Mode None Game No. 129 Rogue 129 Adventurer 0 Explorer 0 Win Type - Total 0 Types 0/0/0/0/0/0/0/0/0 Lore% 20 Gallery% 37 Achievement% 25 Wizard Run 0 Options --------- Layout 2 ASCII 0 Keyboard 0 Movement Mouse Keybinds 0 Fullscreen 1 Font 48/Smallcaps Map View 50x44 Zoom Use 55% Tactical HUD 1 Map Filters NONE Filters NONE Steam 1 RUN: 08bb86b1-87e9-4795-a00b-4bc58d0a90f5